 Dungeon Crawl Stone Soup version 0.29.1-2-gbd0b4ee654 (webtiles) character file.

Game seed: 1345575981218878664

98164 funnyparkerb the Warrior (level 15, -3/145 HPs)
             Began as a Minotaur Fighter on Oct 31, 2022.
             Was the Champion of Okawaru.
             Killed from afar by a fire dragon (55 damage)
             ... with a blast of flame
             ... on level 15 of the Dungeon.
             The game lasted 00:58:13 (33659 turns).

funnyparkerb the Warrior (Minotaur Fighter)        Turns: 33659, Time: 00:58:13

Health: -3/145     AC: 31    Str: 34      XL:     15   Next: 74%
Magic:  20/20      EV: 13    Int:  5 (6)  God:    Okawaru [******]
Gold:   300        SH: 10    Dex: 15 (16) Spells: 14/14 levels left

rFire   . . .      SeeInvis .   a - +7 morningstar of Honour {vorpal, rElec rC- Int-4 Dex+6}
rCold   + + .      Faith    .   A - +1 kite shield
rNeg    + + +      Spirit   .   N - +10 plate armour of Integrity {rC+ rN+ Int+4}
rPois   .          Reflect  .   (helmet restricted)
rElec   +          Harm     .   z - +1 cloak {Stlth+}
rCorr   .          Rampage  .   S - +0 pair of gloves of Ehojy {rElec rC++ Int-5}
Will    ++++.      Clarity  +   V - +0 pair of boots
Stlth   ..........              W - amulet of the Four Winds {rN+ Will+++ Clar}
HPRegen 0.34/turn               o - +6 ring of intelligence
MPRegen 0.17/turn               M - ring of Leorenna {*Slow rN++ Str+6 Slay+2}

@: no status effects
A: horns 2, retaliatory headbutt, deterioration 1, sturdy frame 1
a: Renounce Religion, Heroism, Finesse, Duel


You were on level 15 of the Dungeon.
You worshipped Okawaru.
Okawaru was exalted by your worship.
You visited 4 branches of the dungeon, and saw 23 of its levels.
You visited the Abyss 1 time.

You collected 2451 gold pieces.
You spent 2151 gold pieces at shops.

Inventory:

Hand Weapons
 a - the +7 morningstar of Honour (weapon) {vorpal, rElec rC- Int-4 Dex+6}
   (Okawaru gifted it to you on level 3 of the Lair of Beasts)

   It inflicts extra damage upon your enemies.
   Int:       It affects your intelligence (-4).
   Dex:       It affects your dexterity (+6).
   rC:        It makes you vulnerable to cold.
   rElec:     It insulates you from electricity.
Missiles
 f - 104 poisoned darts
 q - 3 atropa-tipped darts
 r - 9 javelins (quivered)
 H - 15 curare-tipped darts
 I - 2 boomerangs of dispersal
 Q - 19 boomerangs
Armour
 z - a +1 cloak of stealth (worn)
 A - a +1 kite shield (worn)
 N - the +10 plate armour of Integrity (worn) {rC+ rN+ Int+4}
   (Okawaru gifted it to you on level 2 of the Lair of Beasts)

   Int:       It affects your intelligence (+4).
   rC:        It protects you from cold.
   rN:        It protects you from negative energy.
 S - the +0 pair of gloves of Ehojy (worn) {rElec rC++ Int-5}
   (Okawaru gifted it to you on level 12 of the Dungeon)

   Int:       It affects your intelligence (-5).
   rC:        It greatly protects you from cold.
   rElec:     It insulates you from electricity.
 V - a +0 pair of boots (worn)
Jewellery
 o - a +6 ring of intelligence (left hand)
 u - a ring of see invisible
 J - a ring of willpower
 M - the ring of Leorenna (right hand) {*Slow rN++ Str+6 Slay+2}
   (You found it on level 14 of the Dungeon)

   [ring of strength]

   Str:       It affects your strength (+6).
   Slay:      It affects your accuracy & damage with ranged weapons and melee
   (+2).
   rN:        It greatly protects you from negative energy.
   *Slow:     It may slow you when you take damage.
 W - the amulet of the Four Winds (around neck) {rN+ Will+++ Clar}
   (You bought it in a shop on level 2 of the Orcish Mines)

   [amulet of nothing]

   rN:        It protects you from negative energy.
   Clar:      It protects you against confusion.
   Will:      It greatly increases your willpower.
Wands
 d - a wand of polymorph (9)
 s - a wand of flame (37)
 y - a wand of charming (20)
 G - a wand of mindburst (20)
 O - a wand of iceblast (5)
Scrolls
 b - 3 scrolls of immolation
 j - 5 scrolls of teleportation
 k - 3 scrolls of fog
 l - 3 scrolls of fear
 m - 3 scrolls of poison
 n - 2 scrolls of silence
 p - 2 scrolls of vulnerability
 t - 2 scrolls of amnesia
 v - a scroll of enchant armour
 x - 5 scrolls of enchant weapon
 B - 5 scrolls of noise
 C - 2 scrolls of blinking
 D - 4 scrolls of magic mapping
 L - 2 scrolls of summoning
 R - 3 scrolls of identify
Potions
 c - 3 potions of attraction
 e - 2 potions of lignification
 g - 3 potions of degeneration
 h - 5 potions of flight
 i - 5 potions of curing
 w - 5 potions of brilliance
 E - 3 potions of magic
 F - 2 potions of resistance
 K - 5 potions of mutation
 P - a potion of haste
 T - a potion of heal wounds
 U - 2 potions of might


   Skills:
 + Level 16.6 Fighting
 - Level 16.0 Maces & Flails
 + Level 11.9 Throwing
 + Level 13.3 Armour
 + Level 12.6 Dodging
 - Level 5.0 Shields
 - Level 9.0 Invocations


You had 14 spell levels left.
You didn't know any spells.
Your spell library contained the following spells:

 Spells                   Type           Power      Damage    Failure   Level
 Apportation              Tloc           0%         N/A       99%         1
 Necrotise                Necr           0%         1d4       99%         1
 Sandblast                Erth           0%         2d4       99%         1
 Sting                    Tmut/Pois      0%         1d3       99%         1
 Ensorcelled Hibernation  Hex/Ice        0%         N/A       100%        2
 Passwall                 Tmut/Erth      0%         N/A       100%        2
 Poisonous Vapours        Pois/Air       0%         N/A       100%        2
 Scorch                   Fire           0%         2d5       100%        2
 Sublimation of Blood     Necr           0%         N/A       100%        2
 Wereblood                Tmut           0%         N/A       100%        2
 Dazzling Flash           Conj/Hex       0%         N/A       100%        3
 Inner Flame              Hex/Fire       0%         N/A       100%        3
 Portal Projectile        Hex/Tloc       0%         N/A       100%        3
 Stone Arrow              Conj/Erth      0%         3d7       100%        3
 Swiftness                Air            0%         N/A       100%        3
 Airstrike                Air            0%         2d(0-16)  100%        4
 Cause Fear               Hex            0%         N/A       100%        4
 Flame Wave               Conj/Fire      0%         2d4       100%        4
 Leda's Liquefaction      Hex/Erth       0%         N/A       100%        4
 Olgreb's Toxic Radiance  Pois           0%         N/A       100%        4
 Petrify                  Tmut/Erth      0%         N/A       100%        4
 Agony                    Necr           0%         N/A       100%        5
 Borgnjor's Vile Clutch   Necr/Erth      0%         N/A       100%        5
 Fireball                 Conj/Fire      0%         3d3       100%        5
 Iskenderun's Battlesphe  Conj           0%         2d6       100%        5
 Lightning Bolt           Conj/Air       0%         1d11      100%        5
 Metabolic Englaciation   Hex/Ice        0%         N/A       100%        5
 Silence                  Hex/Air        0%         N/A       100%        5
 Conjure Ball Lightning   Conj/Air       0%         3x3d6     100%        6
 Iron Shot                Conj/Erth      0%         9d1       100%        6
 Statue Form              Tmut/Erth      0%         N/A       100%        6
 Orb of Destruction       Conj           0%         9d5       100%        7
 Discord                  Hex            0%         N/A       100%        8
 Summon Small Mammal      Summ           Unusable   N/A       N/A         1
 Call Canine Familiar     Summ           Unusable   N/A       N/A         3
 Animate Dead             Necr           Unusable   N/A       N/A         4
 Summon Lightning Spire   Summ/Air       Unusable   N/A       N/A         4
 Death Channel            Necr           Unusable   N/A       N/A         6
 Summon Cactus Giant      Summ           Unusable   N/A       N/A         6
 Spellforged Servitor     Conj/Summ      Unusable   N/A       N/A         7
 Summon Hydra             Summ           Unusable   N/A       N/A         7

Dungeon Overview and Level Annotations

Branches:
Dungeon (15/15)            Temple (1/1) D:5            Lair (5/5) D:10
 Shoals (0/4) Lair:2       Spider (0/4) Lair:3        Slime (0/5) Lair:4
    Orc (2/2) D:10            Elf (0/3) Orc:2        Vaults (0/5) D:14
 Depths: D:15

Altars:
Ashenzari
Cheibriados
Dithmenos
Elyvilon
Fedhas
Gozag
Hepliaklqana
Kikubaaqudgha
Makhleb
Nemelex Xobeh
Okawaru
Qazlal
Ru
Sif Muna
Trog
Uskayaw
Vehumet
Wu Jian
Xom
Yredelemnul
Zin
The Shining One
Jiyva

Shops:
Orc:2 [:*=!*

Portals:
Trove: D:13 (show slimy rune of Zot)

Annotations:
D:5 2 transporters, quakins's ghost, novice FoFi
Lair:3 exclusion: oklob plant


Innate Abilities, Weirdness & Mutations

You have a pair of horns on your head.
You reflexively headbutt those who attack you in melee.
Your body sometimes deteriorates upon taking damage.
Your movements are slightly less encumbered by armour. (ER -2)


Message History

The catoblepas misses you.
The catoblepas breathes a plume of calcifying dust at you.
The blast of calcifying dust hits you but does no damage.
You impale the catoblepas!!
You kill the catoblepas!
Okawaru accepts your kill.
You are engulfed in calcifying dust.
You are slowing down.
You have turned to stone.
You feel yourself speed up.
You turn to flesh and can move again.
There is a stone staircase leading down here.
You start resting.
HP restored.
You climb downwards.
The fire dragon breathes flames at you. The blast of flame hits you!!!
Your body deteriorates!
You feel clumsy.
There is a stone staircase leading up here.
The boulder beetle curls into a ball and begins rolling!
The fire dragon bites you!
The fire dragon claws you but does no damage.
The fire dragon tramples you.
You stumble backwards!
You stop ascending the stairs.
You hit the fire dragon but do no damage.
You thump the fire dragon! You headbutt the fire dragon!
The fire dragon is moderately wounded.
The fire dragon bites you! The fire dragon barely misses you.
You block the fire dragon's attack.
You thump the fire dragon! You headbutt the fire dragon!
The fire dragon is severely wounded.
The fire dragon breathes flames at you. The blast of flame hits you!!
You closely miss the fire dragon.
You headbutt the fire dragon, but do no damage.
The fire dragon is severely wounded.
You block the large slime creature's attack.
The fire dragon breathes flames at you. The blast of flame hits you!!!
You die...

###○# #.# #°#
#.#####°########
......°.........
#.###.°.########
#.....○.##########
######JDB#......(..
.......@...########
############


You could see a fire dragon (catching breath), a boulder beetle (rolling) and a
large slime creature.

Vanquished Creatures
  A profane servitor (Abyss:2)
  Jorgrun (Orc:1)
  4 starcursed masses (Abyss:2)
  Josephine (Lair:2)
  A great orb of eyes (Abyss:2)
  4 vault guards
  7 hydras
  The ghost of Lutefisk the Covert, a journeyman VSBr of Dithmenos (Lair:2)
  3 boulder beetles
  3 centaur warriors
  5 catoblepae
  4 death yaks (Lair:2)
  A dancing weapon (Lair:2)
  7 two-headed ogres
  5 orc high priests
  Urug (D:13)
  2 thrashing horrors (Abyss:2)
  Sonja (D:13)
  Nergalle (Orc:1)
  A fire crab (shapeshifter) (Abyss:2)
  4 skeletal warriors
  A wretched star (Abyss:2)
  A goliath frog (Lair:5)
  5 orc knights
  A wizard (D:15)
  Pikel (D:4)
  5 cyclopes
  9 ugly things
  3 lindwurms
  3 manticores
  6 orc sorcerers
  A deep elf pyromancer (D:13)
  A worldbinder (Abyss:2)
  9 elephants
  A guardian serpent (Abyss:2)
  4 black mambas
  Maurice (D:13)
  3 gargoyles
  21 cane toads
  Maggie (D:8)
  3 kobold demonologists
  4 rime drakes
  An unseen horror (D:11)
  3 efreet
  6 komodo dragons
  An ice devil (Abyss:2)
  6 trolls
  An ancient zyme (Abyss:2)
  A tarantella (shapeshifter) (D:14)
  3 tyrant leeches (Lair:5)
  2 polar bears
  Grinder (D:6)
  10 slime creatures
  26 blink frogs
  A flying skull (Abyss:2)
  A centaur simulacrum (D:14)
  4 wyverns
  3 shadows
  2 small abominations (Abyss:2)
  A vampire (D:10)
  A ynoxinul (Abyss:2)
  45 yaks
  6 wraiths
  4 basilisks
  A steam dragon (D:9)
  A neqoxec (Abyss:2)
  Grum (D:8)
  22 vampire mosquitoes
  2 large abominations
  7 wargs
  Edmund (D:6)
  10 water moccasins
  An acid dragon (D:9)
  3 ice beasts
  20 orc warriors
  2 black bears
  3 ogres
  8 wolves
  2 centaurs
  A lemure (D:4)
  16 kobold brigands
  A necrophage (D:4)
  15 bullfrogs
  A gnoll sergeant (D:7)
  2 scorpions (D:6)
  3 wights (D:7)
  5 killer bees (D:9)
  2 electric eels
  3 howler monkeys
  A quasit (Abyss:2)
  2 jellies
  A gnoll bouda (D:8)
  5 hounds
  11 orc priests
  3 iguanas (D:4)
  12 orc wizards
  22 gnolls
  9 adders
  A shadow imp (D:7)
  14 white imps
  2 worms
  4 dart slugs
  58 orcs
  2 endoplasms
  2 giant cockroaches (D:3)
  36 goblins
  29 hobgoblins
  3 jackals (D:1)
  32 kobolds
  2 quokkas
  10 ball pythons
  3 bats
  4 frilled lizards
  7 rats
679 creatures vanquished.

Vanquished Creatures (others)
  An orc wizard (D:8)
  20 fungi
  65 plants
  7 toadstools (Lair:2)
93 creatures vanquished.

Grand Total: 772 creatures vanquished

Notes
Turn   | Place    | Note
-------+----------+-------------------------------------------
     0 | D:1      | funnyparkerb the Minotaur Fighter began the quest for the
                  | Orb.
     0 | D:1      | Reached XP level 1. HP: 19/19 MP: 0/0
   409 | D:1      | Reached XP level 2. HP: 15/26 MP: 1/1
  1111 | D:2      | Found a faded altar of an unknown god.
  1365 | D:2      | Reached XP level 3. HP: 25/31 MP: 2/2
  2088 | D:3      | Reached skill level 5 in Maces & Flails
  2167 | D:3      | Reached XP level 4. HP: 39/39 MP: 3/3
  3091 | D:4      | Reached XP level 5. HP: 33/45 MP: 4/4
  3503 | D:4      | Reached XP level 6. HP: 17/51 MP: 3/5
  4028 | D:4      | Reached skill level 1 in Dodging
  4471 | D:5      | Entered Level 5 of the Dungeon
  4471 | D:5      | Noticed an ice beast
  4475 | D:5      | Noticed a water moccasin
  4485 | D:4      | Killed an ice beast
  4486 | D:4      | Reached XP level 7. HP: 45/59 MP: 4/6
  4765 | D:5      | Noticed Pikel
  4932 | D:4      | Killed Pikel
  4933 | D:4      | Reached skill level 5 in Armour
  4933 | D:4      | Reached skill level 5 in Shields
  4933 | D:4      | Reached XP level 8. HP: 17/70 MP: 2/7
  5385 | D:5      | Reached skill level 5 in Dodging
  5545 | D:5      | Found a white marble altar of Elyvilon.
  5545 | D:5      | Found a glowing golden altar of the Shining One.
  5545 | D:5      | Found a glowing silver altar of Zin.
  5709 | D:5      | Found a staircase to the Ecumenical Temple.
  5752 | D:5      | Noticed quakins's ghost (novice FoFi)
  5787 | Temple   | Entered the Ecumenical Temple
  5797 | Temple   | Became a worshipper of Warmaster Okawaru
  5856 | D:5      | Found a transporter.
  5856 | D:5      | Identified the +2 dire flail "Guonazeg" {holy, *Noise
                  | Dex+6}
  5860 | D:5      | Found a transporter.
  6036 | D:6      | Reached skill level 1 in Invocations
  6185 | D:6      | Noticed Edmund
  6200 | D:6      | Killed Edmund
  6251 | D:6      | Identified the +0 sling "Goatapnu" {flame, *Corrode rN++
                  | Will+++ Dex-5}
  6278 | D:6      | Noticed Grinder
  6559 | D:6      | Paralysed by Grinder for 4 turns
  6587 | D:6      | Killed Grinder
  6587 | D:6      | Reached * piety under Okawaru
  6588 | D:6      | Reached XP level 9. HP: 63/79 MP: 10/10
  7471 | D:7      | Reached skill level 1 in Throwing
  7487 | D:7      | You fall into a shaft and drop 3 floors!
  7487 | D:10     | Entered Level 10 of the Dungeon
  7520 | D:10     | Found an opulent altar of Gozag.
  7520 | D:10     | Identified the +6 war axe of the Extremely Mad {vorpal,
                  | Will- Int+4}
  7706 | D:10     | Reached skill level 10 in Maces & Flails
  7713 | D:10     | Reached ** piety under Okawaru
  7720 | D:10     | Reached skill level 5 in Invocations
  7747 | D:10     | Found a staircase to the Orcish Mines.
  7894 | D:9      | Noticed a troll
  7901 | D:9      | Killed a troll
  7924 | D:9      | Reached skill level 5 in Throwing
  8147 | D:9      | Noticed a two-headed ogre
  8155 | D:9      | Killed a two-headed ogre
  8155 | D:9      | Reached *** piety under Okawaru
  8156 | D:9      | Reached XP level 10. HP: 82/86 MP: 12/12
  8506 | D:9      | Noticed a two-headed ogre
  8513 | D:9      | Killed a two-headed ogre
  8513 | D:9      | Reached **** piety under Okawaru
  9094 | D:7      | Found a shimmering altar of Xom.
  9470 | D:8      | Received a gift from Okawaru
  9819 | D:8      | Noticed Grum
  9821 | D:8      | Found a radiant altar of Vehumet.
 10146 | D:7      | Reached XP level 11. HP: 80/95 MP: 14/14
 10304 | D:8      | Killed Grum
 10517 | D:8      | Noticed Maggie
 10532 | D:8      | Killed Maggie
 11741 | D:10     | Found a staircase to the Lair.
 11971 | D:10     | Noticed a catoblepas
 12004 | D:10     | Killed a catoblepas
 12012 | D:10     | Received a gift from Okawaru
 12356 | D:10     | Noticed a two-headed ogre
 12364 | D:10     | Killed a two-headed ogre
 12364 | D:10     | Reached ***** piety under Okawaru
 12628 | D:10     | Found a sparkling altar of Nemelex Xobeh.
 12855 | D:10     | Noticed a two-headed ogre
 12863 | D:10     | Killed a two-headed ogre
 13156 | D:11     | Noticed a white ugly thing
 13162 | D:11     | Killed a white ugly thing
 13236 | D:11     | Noticed a soul eater
 13242 | D:11     | Noticed a soul eater
 13246 | D:11     | Noticed a sun demon
 14060 | D:11     | Received a gift from Okawaru
 14334 | D:11     | Noticed a skeletal warrior
 14335 | D:11     | Noticed a skeletal warrior
 14343 | D:11     | Noticed a skeletal warrior
 14375 | D:10     | Killed a skeletal warrior
 14376 | D:10     | Reached skill level 10 in Fighting
 14376 | D:10     | Reached XP level 12. HP: 68/106 MP: 17/17
 14939 | Lair:1   | Entered Level 1 of the Lair of Beasts
 15055 | Lair:1   | Found an ornate altar of the Wu Jian Council.
 15055 | Lair:1   | Found a hide-covered altar of Uskayaw.
 15055 | Lair:1   | Noticed a boulder beetle
 15640 | Lair:1   | Received a gift from Okawaru
 15836 | Lair:1   | Noticed a seven-headed hydra
 15854 | Lair:1   | Killed a seven-headed hydra
 15854 | Lair:1   | Received a gift from Okawaru
 16380 | Lair:1   | Killed a boulder beetle
 17024 | Lair:2   | Noticed a six-headed hydra
 17035 | Lair:1   | Killed a six-headed hydra
 17608 | Lair:2   | Found a runed translucent door.
 17608 | Lair:2   | Noticed a four-headed hydra
 17609 | Lair:2   | Found a shimmering altar of Xom.
 17609 | Lair:2   | Noticed Lutefisk's ghost (journeyman VSBr)
 17617 | Lair:2   | Killed a four-headed hydra
 17617 | Lair:2   | Identified the +10 plate armour of Integrity {rC+ rN+
                  | Int+4} (Okawaru gifted it to you on level 2 of the Lair of
                  | Beasts)
 17617 | Lair:2   | Received a gift from Okawaru
 18403 | Lair:2   | Found a staircase to the Shoals.
 18610 | Lair:2   | Identified the +1 war axe "Moicops" {vorpal, +Blink Will+
                  | rCorr Str+7}
 18820 | Lair:2   | Noticed a four-headed hydra
 18824 | Lair:2   | Killed a four-headed hydra
 19183 | Lair:2   | Noticed a catoblepas
 19203 | Lair:2   | Found a runed translucent door.
 19418 | Lair:2   | Reached XP level 13. HP: 101/122 MP: 18/18
 19839 | Lair:2   | Killed Lutefisk's ghost
 20332 | Lair:3   | Identified the +9 dagger "Naadaqiu" {elec, rF+}
 21156 | Lair:3   | Noticed Josephine
 21170 | Lair:2   | Killed Josephine
 21390 | Lair:3   | Identified the +7 morningstar of Honour {vorpal, rElec rC-
                  | Int-4 Dex+6} (Okawaru gifted it to you on level 3 of the
                  | Lair of Beasts)
 21390 | Lair:3   | Received a gift from Okawaru
 21888 | Lair:4   | Reached skill level 10 in Armour
 22109 | Lair:4   | Found a viscous altar of Jiyva.
 22109 | Lair:4   | Found a staircase to the Slime Pits.
 22382 | Lair:4   | Identified the +7 plate armour "Tiguer Joru" {Int+3}
                  | (Okawaru gifted it to you on level 4 of the Lair of Beasts)
 22382 | Lair:4   | Received a gift from Okawaru
 22946 | Lair:5   | Entered Level 5 of the Lair of Beasts
 23236 | Lair:5   | Reached skill level 10 in Dodging
 23259 | Lair:5   | Reached XP level 14. HP: 114/133 MP: 12/19
 24015 | Lair:5   | Reached skill level 10 in Throwing
 24181 | Lair:5   | Reached skill level 15 in Fighting
 24339 | Lair:5   | Identified the +4 robe of Elis {Drain rPois rC- SInv}
 24865 | D:11     | Reached ****** piety under Okawaru
 24911 | D:12     | Received a gift from Okawaru
 24919 | D:12     | Reached skill level 15 in Maces & Flails
 25860 | D:12     | Identified the +0 pair of gloves of Ehojy {rElec rC++
                  | Int-5} (Okawaru gifted it to you on level 12 of the
                  | Dungeon)
 25860 | D:12     | Received a gift from Okawaru
 26067 | D:12     | Found a hide-covered altar of Uskayaw.
 26354 | Orc:1    | Entered Level 1 of the Orcish Mines
 26354 | Orc:1    | Noticed Jorgrun
 26592 | Orc:1    | Killed Jorgrun
 26927 | Orc:2    | Entered Level 2 of the Orcish Mines
 26927 | Orc:2    | Found Yxeryuh's Assorted Antiques.
 27321 | Orc:2    | Bought a potion of heal wounds for 145 gold pieces
 27321 | Orc:2    | Bought a potion of mutation for 232 gold pieces
 27321 | Orc:2    | Bought a potion of might for 116 gold pieces
 27321 | Orc:2    | Bought a small iron ring for 145 gold pieces
 27321 | Orc:2    | Bought a scroll of enchant weapon for 217 gold pieces
 27350 | Orc:2    | Found Peegena's Distillery.
 27351 | Orc:2    | Found a staircase to the Elven Halls.
 27640 | Orc:2    | Bought a potion of curing for 39 gold pieces
 27640 | Orc:2    | Bought a potion of might for 52 gold pieces
 27640 | Orc:2    | Bought a potion of haste for 130 gold pieces
 27640 | Orc:2    | Bought a potion of mutation for 104 gold pieces
 27752 | Orc:2    | Found Biunithru's Jewellery Shop.
 28094 | Orc:2    | Found Ryprueff's Book Shoppe.
 28101 | Orc:2    | Found Efonom's Armour Shoppe.
 28103 | Orc:2    | Found Uparejuts's General Store.
 28302 | Orc:1    | Noticed Nergalle
 28307 | Orc:1    | Killed Nergalle
 28338 | Orc:1    | Reached XP level 15. HP: 143/143 MP: 20/20
 28530 | Orc:2    | Bought the amulet of the Four Winds {rN+ Will+++ Clar} for
                  | 971 gold pieces
 28530 | Orc:2    | Found the amulet of the Four Winds {rN+ Will+++ Clar}
 28646 | D:13     | Found a frozen archway.
 28863 | D:13     | Noticed Sonja
 28879 | Abyss:2  | Cast into level 2 of the Abyss (Sonja)
 28927 | Abyss:2  | Gained mutation: You occasionally shout uncontrollably at
                  | your foes. [a neqoxec]
 28928 | Abyss:2  | Gained mutation: You are weak. (Str -2) [a neqoxec]
 28930 | Abyss:2  | Noticed a daeva
 28944 | Abyss:2  | Noticed a lich
 28945 | Abyss:2  | Gained mutation: You do not regenerate when monsters are
                  | visible. [a neqoxec]
 28948 | Abyss:2  | Lost mutation: You occasionally shout uncontrollably at
                  | your foes. [potion of mutation]
 28948 | Abyss:2  | Lost mutation: You are weak. (Str -2) [potion of mutation]
 28948 | Abyss:2  | Lost mutation: You do not regenerate when monsters are
                  | visible. [potion of mutation]
 28948 | Abyss:2  | Gained mutation: You possess an exceptional clarity of
                  | mind. [potion of mutation]
 28948 | Abyss:2  | Gained mutation: You are clumsy. (Dex -2) [potion of
                  | mutation]
 29083 | Abyss:2  | Noticed a shadow dragon
 29135 | Abyss:2  | Lost mutation: You possess an exceptional clarity of mind.
                  | [potion of mutation]
 29135 | Abyss:2  | Lost mutation: You are clumsy. (Dex -2) [potion of
                  | mutation]
 29135 | Abyss:2  | Gained mutation: Your body sometimes deteriorates upon
                  | taking damage. [potion of mutation]
 29135 | Abyss:2  | Gained mutation: Your movements are slightly less
                  | encumbered by armour. (ER -2) [potion of mutation]
 29307 | Abyss:2  | Received a gift from Okawaru
 30322 | Abyss:2  | Noticed a profane servitor
 30341 | Abyss:2  | Killed a profane servitor
 30393 | D:13     | Escaped the Abyss
 30397 | D:13     | Killed Sonja
 30966 | D:13     | Noticed Maurice
 30982 | D:13     | Killed Maurice
 31257 | D:13     | Found a portal to a secret trove of treasure.
 31395 | D:13     | Noticed Urug
 31405 | D:13     | Killed Urug
 31972 | D:14     | Found a gate to the Vaults.
 31975 | D:14     | Received a gift from Okawaru
 31989 | D:15     | Entered Level 15 of the Dungeon
 32007 | D:15     | Received a gift from Okawaru
 32377 | D:15     | Identified the +0 robe "Sual" {rC+ Will+ Str-4 Slay+6}
                  | (Okawaru gifted it to you on level 15 of the Dungeon)
 32377 | D:15     | Received a gift from Okawaru
 33283 | D:14     | Identified the ring of Leorenna {*Slow rN++ Str+6 Slay+2}
 33659 | D:15     | Killed from afar by a fire dragon

Illustrated notes

Levels and vault maps discovered:
D:1:      heliophobic_arrival_ceremonial_halls, layout_basic,
          minmay_misc_feat_tower
D:2:      layout_basic, ebering_ecumenical_altar_petrified
D:3:      layout_loops_ring, serial_bayou_pond_a
D:4:      minmay_goblin_kobold_castle, layout_basic, minmay_surrounded
D:5:      layout_basic, dreamdust_divine_triumvirate, temple_statues,
          gammafunk_ghost_smash, kennysheep_doodads, uniq_pikel
D:6:      layout_loops_ring, uniq_edmund, uniq_grinder
D:7:      layout_basic, mainiacjoe_overflow_catwalk, serial_corexii_hall,
          corexii_hall_statues_x, corexii_hall_statues_l
D:8:      layout_rooms, nicolae_vehumet_radiance, special_room
          [special_room_kobold], uniq_grum, uniq_maggie
D:9:      layout_loops_cross, kennysheep_flooded_box, minivault_1
D:10:     nzn_motion_control, layout_loops_cross,
          grunt_temple_overflow_opulence, lair_entry_dummy,
          minmay_orc_entry_guard_dogs
D:11:     layout_cross, gauntlet_entry_generic
D:12:     layout_rooms, nicolae_lava_and_water, eat_drink_and_be_merry_uskayaw
D:13:     layout_basic, portal_ice_cave_entry_imps, enter_trove_2, minivault_26,
          uniq_urug, uniq_sonja, uniq_maurice
D:14:     layout_gridville, lightli_vaults_fourway_checkpoint
D:15:     grunt_enter_depths_magical_seal, layout_loops_ring, serial_shops,
          nicolae_shop_statue_plus, gammafunk_ghost_cemetery, fountainhead
Temple:   nicolae_temple_no_exploring_needed
Lair:1:   layout_gridlike, nzn_masters_of_martial_movement
Lair:2:   gammafunk_lair_enchanted_lake, layout_hall_layers,
          elwin_shoals_entry_rocks, ebering_ghost_xom, enter_volcano_4
Lair:3:   layout_long_grid, nicolae_spider_entry_tight_spaces,
          minmay_lair_oklob_items, lemuel_fruit_tree, serial_bayou_shore_a,
          serial_bayou_shore_b, grunt_megastairs_3, uniq_josephine
Lair:4:   layout_regular_city, slime_entry_1, chequers_serial_rivers_micro_a
Lair:5:   minmay_lair_end_frog_pond, layout_regular_city
Orc:1:    cheibrodos_orc_bank, layout_caves, uniq_nergalle, uniq_jorgrun
Orc:2:    st_orc_elflike, layout_caves, serial_shops, shop,
          nicolae_shop_window_shopping

Skill      XL: |  1  2  3  4  5  6  7  8  9 10 11 12 13 14 15 |
---------------+----------------------------------------------+-----
Maces & Flails | 3 4 5 6 7 8 9 12 13 14 15 16 | 16.0
Fighting       | 4 6 7 8 10 13 14 15 16 | 16.6
Dodging        | 1 4 5 6 7 8 10 11 12 | 12.6
Shields        | 4 5 |  5.0
Armour         | 4 5 6 7 8 10 12 13 | 13.3
Invocations    | 3 5 8 9 |  9.0
Throwing       | 5 6 7 8 9 10 11 | 11.9

Action                   |  1- 3 |  4- 6 |  7- 9 | 10-12 | 13-15 || total
-------------------------+-------+-------+-------+-------+-------++-------
Melee: Flail             |   111 |   210 |   196 |   610 |   140 ||  1267
       Headbutt          |     7 |    25 |    38 |   141 |   212 ||   423
       Unarmed           |       |       |     5 |       |       ||     5
       Morningstar       |       |       |       |       |   779 ||   779
Throw: Throwing net      |       |     2 |     2 |       |       ||     4
       Dart              |       |       |     5 |    23 |     2 ||    30
       Javelin           |       |       |       |    50 |    84 ||   134
       Boomerang         |       |       |       |     2 |    30 ||    32
Invok: Heroism           |       |       |     3 |     9 |    10 ||    22
       Finesse           |       |       |       |     6 |     8 ||    14
Evoke: Wand              |       |     1 |     2 |     3 |     7 ||    13
  Use: Potion            |       |     2 |     1 |     7 |     6 ||    16
       Scroll            |       |       |       |     2 |    29 ||    31
 Stab: Petrified         |       |       |       |     1 |       ||     1
Armor: Scale mail        |    45 |   103 |    26 |       |       ||   174
       Plate armour      |       |       |    30 |   251 |   469 ||   750
       Skin              |       |       |     1 |       |       ||     1
Dodge: Dodged            |    55 |    97 |    69 |   168 |   329 ||   718
Block: Buckler           |    26 |    54 |    56 |   288 |       ||   424
       Other             |       |       |     2 |       |       ||     2
       Reflection        |       |       |     2 |    20 |    12 ||    34
       Kite shield       |       |       |       |    29 |   648 ||   677
